 Dungeon Crawl Stone Soup version 0.17-a0-2118-g63bad21 (webtiles) character file.

156 Duffy the Firebug (level 5, -1/38 HPs)
             Began as a Hill Orc Fire Elementalist on Oct 20, 2015.
             Was a Follower of Cheibriados.
             Slain by an orc
             ... wielding a +0 flail
              (7 damage)
             ... on level 3 of the Dungeon.
             The game lasted 00:05:33 (3378 turns).

Duffy the Firebug (Hill Orc Fire Elementalist)      Turns: 3378, Time: 00:05:33

Health: -1/38      AC:  5    Str: 13    XL:     5   Next: 37%
Magic:  6/7        EV: 10    Int: 17    God:    Cheibriados [*.....]
Gold:   93         SH:  0    Dex: 14    Spells: 2 memorised, 3 levels left

rFire  . . .     SeeInvis .     v - +0 war axe
rCold  . . .     Clarity  .     f - +0 ring mail {rPois}
rNeg   . . .     SustAt   .     (no shield)
rPois  +         Gourm    .     (no helmet)
rElec  .         Spirit   .     (no cloak)
rCorr  .         Warding  .     (no gloves)
rMut   .         Stasis   .     (no boots)
MR     .....                    (no amulet)
Stlth  +.........               (no ring)
                                j - ring of invisibility (curse)

@: very slow, not resistant to hostile enchantments, very unstealthy
A: no striking features
a: Bend Time, Renounce Religion, Evoke Invisibility


You were on level 3 of the Dungeon.
You worshipped Cheibriados.
Cheibriados was aware of your devotion.
You were not hungry.

You visited 1 branch of the dungeon, and saw 3 of its levels.

You collected 93 gold pieces.


   Skills:
 * Level 3.2 Axes
 - Level 1.5 Dodging
 - Level 1.5 Stealth
 - Level 1.5 Spellcasting
 + Level 3.6 Conjurations
 + Level 4.1 Fire Magic


You had 3 spell levels left.
You knew the following spells:

 Your Spells              Type           Power        Failure   Level  Hunger
a - Flame Tongue          Conj/Fire      ##...        12%         1    ##.....
c - Conjure Flame         Conj/Fire      ##......     30%         3    ####...

Inventory:

Hand Weapons
 n - a +0 hand axe
 v - a +0 war axe (weapon)
 x - a +2 hand axe of electrocution
Missiles
 h - 91 stones (quivered)
Armour
 a - a +0 robe
 f - a +0 ring mail of poison resistance (worn)
 o - a +0 plate armour
Jewellery
 j - a cursed ring of invisibility (left hand)
 y - an uncursed ring of ice
Scrolls
 i - 2 scrolls of amnesia {unknown}
 k - a scroll of recharging {unknown}
 l - a scroll of remove curse {unknown}
 s - a scroll of random uselessness {unknown}
 u - 2 scrolls of teleportation {unknown}
 w - a scroll of blinking {unknown}
Potions
 g - a potion of agility
 m - 2 potions of curing {unknown}
 p - a potion of haste {unknown}
 r - 3 potions of brilliance
 t - 2 potions of magic
 z - a potion of flight
 A - a potion of heal wounds {unknown}
 B - a potion of cancellation
Books
 b - a book of Flames
Comestibles
 c - a bread ration
 d - 3 fruits
 q - 6 chunks of flesh

Dungeon Overview and Level Annotations

Branches:
Dungeon (3/15)

Altars:
Ashenzari
Cheibriados
Fedhas
Nemelex Xobeh
Vehumet
The Shining One


Message History

The adder bites you but does no damage. The adder bites you.
The adder barely misses you.
The orc hits you with a hand axe of distortion.
Space bends around you. The adder barely misses you.
The adder closely misses you. The adder bites you.
You see here a spear.
The adder bites you. The adder bites you but does no damage.
The adder bites you.
Things that are here:
a club; a hobgoblin skeleton
Casting: Flame Tongue
Confirm with . or Enter, or press ? or * to list all spells.
Aiming: Flame Tongue
Press: ? - help, Shift-Dir - straight line, f - adder
Aim: an adder The flame tongue hits the adder.
The adder is heavily wounded.
The adder closely misses you.
Casting: Flame Tongue
Confirm with . or Enter, or press ? or * to list all spells.
Aiming: Flame Tongue
Press: ? - help, Shift-Dir - straight line, f/p - adder
Aim: an adder (heavily wounded)
The flame tongue hits the adder.
You kill the adder!
Cheibriados appreciates the change of pace.
The orc closely misses you. The orc hits you but does no damage.
There is a stone staircase leading down here.
The orc hits you with a flail!
You die...

...................^.#.#
#.
####################.#.#
#.
............)......#.#.#
####.
.#################.#.#.#
#.... .##..<.........#
#.#.#.# #.# #
###....#######.# #.#.#.#
#.### #....# #.#
#.#.#.######.... #....#
#.###>......)..)....
#....#
#..@ooo.#.#######.##
###....###############.#
#.##
..'....................#
#.##
.##....#################
#.##
#####...#####....รท...#
#.##
#...##.##...########.#
#.## .8.8.#.#.8.8.#
#<#.# ...#
.._..#.#.._..# #.#.# #
.8...#.#..)8.# #.#.# #


You could see 3 orcs.

Action                   |  1- 3 |  4- 6 || total
-------------------------+-------+-------++-------
Melee: Hand axe          |    18 |    46 ||    64
       War axe           |       |    54 ||    54
 Cast: Flame Tongue      |    50 |    23 ||    73
  Use: Scroll            |       |     5 ||     5
  Eat: Chunk             |     4 |     6 ||    10

Notes
Turn   | Place    | Note
--------------------------------------------------------------
     0 | D:1      | Duffy the Hill Orc Fire Elementalist began the quest for the Orb.
     0 | D:1      | Reached XP level 1. HP: 14/14 MP: 3/3
   478 | D:1      | Reached skill level 2 in Conjurations
   478 | D:1      | Reached XP level 2. HP: 17/20 MP: 0/4
   760 | D:1      | Reached XP level 3. HP: 22/26 MP: 1/5
   889 | D:1      | Reached skill level 3 in Conjurations
  1074 | D:1      | Learned a level 3 spell: Conjure Flame
  1755 | D:2      | Found a shattered altar of Ashenzari.
  2160 | D:2      | Reached skill level 1 in Axes
  2160 | D:2      | Reached XP level 4. HP: 29/33 MP: 2/6
  2400 | D:2      | Reached skill level 2 in Axes
  2765 | D:2      | Found a sparkling altar of Nemelex Xobeh.
  2830 | D:3      | Found a blossoming altar of Fedhas.
  2833 | D:3      | Found a snail-covered altar of Cheibriados.
  2836 | D:3      | Found a glowing golden altar of the Shining One.
  2847 | D:3      | Became a worshipper of Cheibriados the Contemplative
  2883 | D:3      | Found a radiant altar of Vehumet.
  3300 | D:3      | Reached XP level 5. HP: 38/38 MP: 7/7
  3304 | D:3      | Reached * piety under Cheibriados
  3307 | D:3      | Reached skill level 4 in Fire Magic
  3327 | D:3      | Reached skill level 3 in Axes
  3378 | D:3      | Slain by an orc

Vault maps used:
D:1:      dpeg_arrival_circle_labyrinth_c, minmay_misc_feat_rows,
          minmay_misc_feat_plants, hangedman_decor_riveting
D:2:      ashenzari_conservatory_becter, minmay_misc_feat_pillars,
          nemelex_diamond_rough_becter
D:3:      grunt_temple_overflow_cloverleaf

Vanquished Creatures
  An orc wizard
  4 adders
  A gnoll
  2 oozes
  A worm
  An orc
  3 ball pythons
  12 bats
  4 giant cockroaches
  10 goblins
  8 hobgoblins
  4 jackals
  8 kobolds
  2 quokkas
  3 giant newts
  7 rats
71 creatures vanquished.
